 Dungeon Crawl Stone Soup version 0.17-a0-1910-g4c791fa (webtiles) character file.

4302 Kusio the Bludgeoner (level 10, 0/153 HPs)
             Began as an Ogre Berserker on Sept 26, 2015.
             Was a High Priest of Trog.
             Slain by a wolf spider zombie (10 damage)
             ... on level 8 of the Dungeon.
             The game lasted 00:32:16 (8378 turns).

Kusio the Bludgeoner (Ogre Berserker)               Turns: 8378, Time: 00:32:16

Health: 0/153      AC:  3    Str: 30      XL:     10   Next: 32%
Magic:  10/10      EV: 10    Int:  2      God:    Trog [*****.]
Gold:   357        SH:  0    Dex:  8 (11) Spells: 0 memorised, 9 levels left

rFire  x . .     SeeInvis .     A - +2 whip (freeze)
rCold  + + .     Clarity  .     b - +0 animal skin
rNeg   . . .     SustAt   .     (no shield)
rPois  .         Gourm    .     (helmet restricted)
rElec  .         Spirit   .     (no cloak)
rCorr  .         Warding  .     (gloves unavailable)
rMut   .         Stasis   .     (boots unavailable)
MR     ++...                    s - amulet of faith
Stlth  ..........               r - ring of protection from magic
                                c - ring of ice

@: berserking, very quick, very resistant to hostile enchantments, extremely
unstealthy
A: unfitting armour, horns 1, blurry vision 1, cold resistance 1, dopey 2, spit
poison 1, tough skin 1
a: Spit Poison, Burn Spellbooks, Berserk, Trog's Hand, Brothers in Arms,
Renounce Religion


You were on level 8 of the Dungeon.
You worshipped Trog.
Trog was extremely pleased with you.
You were very hungry.

You visited 1 branch of the dungeon, and saw 9 of its levels.

You collected 447 gold pieces.
You spent 90 gold pieces at shops.

Inventory:

Hand weapons
 k - the +5 giant spiked club of Guile {crush, rF+ rC+ Int-4 Dex+3}
   (Trog gifted it to you on level 8 of the Dungeon)

   It inflicts extra damage upon your enemies.
   It affects your intelligence (-4).
   It affects your dexterity (+3).
   It protects you from fire.
   It protects you from cold.
 A - a +2 whip of freezing (weapon)
Missiles
 o - 10 tomahawks (quivered)
 F - 9 javelins
Armour
 b - a +0 animal skin (worn)
Jewellery
 c - a ring of ice (left hand)
 m - an uncursed ring of protection from fire
 q - an uncursed ring of flight
 r - a ring of protection from magic (right hand)
 s - an amulet of faith (around neck)
 z - an uncursed ring of positive energy
Magical devices
 p - a wand of cold (1)
 x - a wand of disintegration (0)
 y - a wand of confusion (4)
 J - a wand of polymorph (12)
 N - a wand of paralysis (19)
Scrolls
 d - 3 scrolls of remove curse
 e - a scroll of fear
 h - 2 scrolls of recharging
 j - 2 scrolls of fog
 l - 3 scrolls of blinking
 n - a scroll of enchant weapon {unknown}
 t - 4 scrolls of enchant armour {unknown}
 u - a scroll of teleportation
 w - 2 scrolls of immolation {unknown}
 B - a scroll of random uselessness {unknown}
 D - a scroll of magic mapping {unknown}
 E - 2 scrolls of identify
 I - a scroll of summoning {unknown}
Potions
 v - a potion of agility
 C - 5 potions of curing
 G - a potion of heal wounds
 L - a potion of flight
Comestibles
 a - 3 bread rations
 f - 5 beef jerkies
 g - 7 slices of pizza
 i - 3 meat rations
 H - 6 fruits


   Skills:
 + Level 7.5 Fighting
 + Level 16.0 Maces & Flails
 + Level 5.3 Throwing
 - Level 2.6 Dodging
 - Level 1.0 Stealth


You had 9 spell levels left.
You didn't know any spells.

Dungeon Overview and Level Annotations

Branches:
Dungeon (9/15)             Temple (0/1) D:7
   Lair: D:8-11         Orc: D:9-12

Altars:
Ashenzari
Qazlal
Zin


Innate Abilities, Weirdness & Mutations

You are too large for most types of armour.
You have tough skin (AC +1).
You have a pair of small horns on your head.
Scrolls take you a little longer to read.
Your flesh is cold resistant.
You are very dopey. (Int -4)
You can spit weak poison.


Message History

You are too injured to fight recklessly!
You are too injured to fight recklessly!
You are too injured to fight recklessly!
You are too injured to fight recklessly!
You are too injured to fight recklessly!
You are too injured to fight recklessly!
You are too injured to fight recklessly!
You are too injured to fight recklessly!
You are too injured to fight recklessly!
You are too injured to fight recklessly!
You are too injured to fight recklessly!
You are too injured to fight recklessly!
You are too injured to fight recklessly!
You are too injured to fight recklessly!
Use which ability?
A red film seems to cover your vision as you go berserk!
You feel yourself moving faster!
You feel mighty!
You are feeling very hungry.
The wolf spider zombie hits you!
You die...

#..#..# ...(
##.#..........
#####'## ...
#.#.#######..
####...# ..###
#.#.# ### #..
......## ######.#
#.#.#######..
.###..# #.##...#
#.#.+.._..'.. .#
#..#####)###.##
#.#.###.###.. .#
#........# #.#
#...# #.# #.. .#
#.###.####
#.#####...###'###.#
####.# #.#
#.@Z..............#
.....# #.#
#...#####..........
.....# #.# ##..#
###........
.....###.# #..#
#......##
.........# #..#
######.# .....#####
#..# #.## .....#
#..# ##.#. .....#
#..# ####...#
..)### #..#
#......#


You could see a wolf spider zombie.

Vanquished Creatures
  Pikel (D:4)
  Grinder (D:4)
  Sigmund (D:4)
  2 yaks (D:8)
  Eustachio (D:4)
  A human (D:8)
  Menkaure (D:4)
  3 orc warriors
  3 centaurs
  A sky beast (D:7)
  6 giant frogs
  2 scorpions
  3 wights (D:6)
  5 killer bees (D:8)
  2 jellies (D:7)
  A quasit (D:8)
  2 crimson imps
  2 giant frog zombies
  2 hounds
  10 orc priests
  A giant frog skeleton (D:5)
  5 orc wizards
  An iguana (D:5)
  7 worker ants
  Natasha (thrice) (D:4)
  2 sheep (D:8)
  A hound skeleton (D:8)
  Robin (D:3)
  8 adders
  4 gnolls (D:2)
  3 shadow imps
  An ooze (D:3)
  4 worms
  19 orcs
  A ball python (D:3)
  5 bats
  4 giant cockroaches
  11 goblins
  10 hobgoblins
  10 jackals
  7 kobolds
  9 quokkas
  A ball python skeleton (D:4)
  3 giant geckos
  2 giant newts
  10 rats
183 creatures vanquished.

Vanquished Creatures (others)
  A slave (D:6)
  A jelly (D:6)
  An orc wizard (D:6)
  An orc (D:6)
4 creatures vanquished.

Grand Total: 187 creatures vanquished

Notes
Turn   | Place    | Note
--------------------------------------------------------------
     0 | D:1      | Kusio the Ogre Berserker began the quest for the Orb.
     0 | D:1      | Reached XP level 1. HP: 24/24 MP: 1/1
   276 | D:1      | Reached XP level 2. HP: 32/32 MP: 2/2
   282 | D:1      | Gained mutation: You have a pair of small horns on your head. [potion of mutation]
   282 | D:1      | Gained mutation: You are frail (-10% HP). [potion of mutation]
   702 | D:1      | Reached skill level 5 in Maces & Flails
   799 | D:2      | Reached XP level 3. HP: 33/35 MP: 3/3
   890 | D:2      | Acquired Trog's second power
   962 | D:2      | Found a stormy altar of Qazlal.
   999 | D:2      | Reached skill level 1 in Stealth
  1165 | D:2      | Reached skill level 6 in Maces & Flails
  1165 | D:2      | Reached XP level 4. HP: 17/43 MP: 4/4
  2099 | D:3      | Noticed Robin
  2099 | D:3      | Reached skill level 7 in Maces & Flails
  2101 | D:3      | Reached XP level 5. HP: 46/48 MP: 5/5
  2147 | D:3      | Killed Robin
  2406 | D:3      | Reached skill level 8 in Maces & Flails
  2828 | D:4      | Noticed a slave
  2896 | D:4      | Noticed Menkaure
  3252 | D:3      | Reached XP level 6. HP: 22/55 MP: 6/6
  3441 | D:4      | Killed Menkaure
  3441 | D:4      | Reached skill level 9 in Maces & Flails
  3544 | D:4      | Noticed a slave
  3544 | D:4      | Noticed a slave
  3550 | D:4      | Noticed Pikel
  3562 | D:4      | Noticed Eustachio
  3568 | D:4      | Noticed Sigmund
  3568 | D:4      | Noticed Grinder
  3572 | D:4      | Noticed Natasha
  3593 | D:4      | Killed Natasha
  3610 | D:4      | Noticed Natasha
  3622 | D:4      | Killed Natasha
  3673 | D:4      | Noticed Natasha
  3697 | D:4      | Killed Natasha
  3881 | D:4      | Reached skill level 10 in Maces & Flails
  3881 | D:4      | Reached XP level 7. HP: 24/63 MP: 7/7
  3952 | D:4      | Killed Eustachio
  3952 | D:4      | Reached skill level 11 in Maces & Flails
  4059 | D:4      | Killed Sigmund
  4059 | D:4      | Reached XP level 8. HP: 70/70 MP: 8/8
  4068 | D:4      | Killed Grinder
  4068 | D:4      | Reached skill level 12 in Maces & Flails
  4204 | D:4      | Killed Pikel
  4204 | D:4      | Reached skill level 13 in Maces & Flails
  4381 | D:5      | Entered Level 5 of the Dungeon
  4463 | D:5      | Acquired Trog's third power
  4541 | D:5      | Found a glowing silver altar of Zin.
  4543 | D:5      | Found Zin's Purification Station.
  4547 | D:5      | Bought a potion of curing for 90 gold pieces
  4548 | D:5      | Gained mutation: You are agile. (Dex +2) [potion of beneficial mutation]
  4549 | D:5      | Gained mutation: Your muscles are strong. (Str +2) [potion of beneficial mutation]
  4595 | D:5      | Reached skill level 14 in Maces & Flails
  4600 | D:5      | Lost mutation: You are agile. (Dex +2) [potion of mutation]
  4600 | D:5      | Gained mutation: You are dopey. (Int -2) [potion of mutation]
  4600 | D:5      | Lost mutation: You are frail (-10% HP). [potion of mutation]
  4601 | D:5      | Lost mutation: Your muscles are strong. (Str +2) [potion of mutation]
  4601 | D:5      | Gained mutation: Your flesh is cold resistant. [potion of mutation]
  4601 | D:5      | Gained mutation: You are very dopey. (Int -4) [potion of mutation]
  4673 | D:5      | Reached XP level 9. HP: 79/84 MP: 9/9
  5894 | D:6      | Noticed a freed slave
  5965 | D:6      | Reached skill level 15 in Maces & Flails
  6101 | D:6      | Reached skill level 1 in Throwing
  6289 | D:6      | Killed a freed slave
  6315 | D:6      | Reached skill level 5 in Fighting
  6831 | D:7      | Found a staircase to the Ecumenical Temple.
  7280 | D:7      | Gained mutation: Scrolls take you a little longer to read. [potion of mutation]
  7280 | D:7      | Gained mutation: You can spit weak poison. [potion of mutation]
  7499 | D:7      | Reached XP level 10. HP: 59/100 MP: 10/10
  7584 | D:8      | Found a shattered altar of Ashenzari.
  7950 | D:8      | Reached skill level 5 in Throwing
  7952 | D:8      | Received a gift from Trog
  7959 | D:8      | Got an ichor-stained giant spiked club {god gift}
  7967 | D:8      | Lost intelligence.
  7967 | D:8      | Identified the +5 giant spiked club of Guile {crush, rF+ rC+ Int-4 Dex+3} (Trog gifted it to you on level 8 of the Dungeon)
  8053 | D:8      | Reached skill level 16 in Maces & Flails
  8162 | D:8      | Lost intelligence.
  8378 | D:8      | Slain by a wolf spider zombie

Vault maps used:
D:1:      elethiomel_arrival_shortcut, roderic_lattice_a, st_stairs_10
D:2:      nicolae_qazlal_general_emergency
D:3:      uniq_robin
D:4:      first_bread, uniq_eustachio, uniq_sigmund, uniq_natasha,
          uniq_menkaure, uniq_pikel, uniq_grinder
D:5:      zin_purify
D:7:      grunt_temple_overflow_lords_of_destruction, temple_statues,
          kennysheep_windowed_goal
D:8:      lemuel_doored_altar, grunt_ministairs_9, grunt_livestock
D:9:      grunt_dithmenos_shadows, small_chamber_with_monster,
          nemelex_lonely_heart_becter

Action                   |  1- 3 |  4- 6 |  7- 9 | 10-12 || total
-------------------------+-------+-------+-------+-------++-------
Melee: Mace              |    83 |   157 |    29 |       ||   269
       Whip              |       |       |   241 |   108 ||   349
Throw: Tomahawk          |       |       |     3 |     3 ||     6
Invok: Berserk           |     1 |     4 |     4 |     2 ||    11
       Burn Spellbooks   |       |       |     1 |     1 ||     2
Evoke: Wand              |       |     1 |     6 |     5 ||    12
  Use: Potion            |     3 |     1 |     9 |     1 ||    14
       Scroll            |       |     4 |     6 |     1 ||    11
 Stab: Sleeping          |     2 |     1 |     4 |       ||     7
  Eat: Chunk             |     2 |    11 |    13 |     3 ||    29
       Bread ration      |       |       |     1 |       ||     1
